Map: Dusk Towers

Players

LilDicky

  • Race: Terran Terran
  • League: Diamond

BlinKBrooD - Winner!

  • Race: Zerg Zerg
  • League: Diamond

VOD

http://www.twitch.tv/tumescentpie

Description

Time

  • Played on: Jan. 3, 2016, 3:11 a.m.
  • Length: 10:26
Show
View Real Time Build Order
Export as new Build Order

LilDicky Terran 

Build Orders: Command Center First (CC), MMM Bio 

Get SALT Encoding   

  12  0:04  SCV  
  13  0:16  SCV  
  13  0:20  Supply Depot  
  14  0:31  SCV  
  15  0:46  SCV  
  16  1:01  Command Center  
  16  1:03  SCV  
  17  1:20  Barracks  
  17  1:29  SCV  
  18  1:42  SCV  
  19  1:54  SCV  
  20  2:02  Command Center  
  20  2:06  SCV  
  21  2:11  Marine  
  21  2:14  Supply Depot  
  22  2:22  Orbital Command  
  22  2:24  Orbital Command  
  22  2:36  Marine  
  23  2:40  Refinery  
  23  2:52  SCV  
  23  2:54  SCV  
  23  2:55  Marine  
  26  3:04  SCV  
  27  3:06  SCV  
  28  3:19  Orbital Command  
  28  3:35  Barracks  
  28  3:37  Barracks Tech Lab, Barracks  
  28  3:38  Barracks  
  28  3:39  Barracks  
  28  4:01  Stimpack  
  28  4:02  Marine  
  29  4:05  SCV  
  29  4:06  SCV  
  29  4:07  SCV  
  32  4:15  Barracks  
  32  4:16  Barracks  
  32  4:17  SCV, Barracks  
  32  4:18  SCV  
  32  4:19  SCV, Marine  
  32  4:23  Marine  
  37  4:30  SCV  
  37  4:31  SCV  
  39  4:32  SCV  
  39  4:33  Barracks Tech Lab, Marine  
  39  4:35  Barracks Reactor  
  39  4:37  Marine  
  42  4:41  Marine  
  42  4:43  SCV x2  
  45  4:50  Marine  
  46  4:55  Marine  
  46  4:59  SCV x2, Marine x2  
  50  5:04  Barracks Reactor, Barracks Tech Lab x2, Refinery  
  51  5:08  Marine  
  51  5:13  Barracks, Marine  
  53  5:14  Marine x2  
  53  5:15  Supply Depot  
  53  5:16  Marine  
  53  5:17  Marine  
  57  5:23  Orbital Command  
  57  5:25  Supply Depot  
  57  5:27  Supply Depot  
  57  5:35  SCV, Marine x3  
  60  5:36  Barracks Reactor  
  61  5:45  SCV  
  61  5:46  Supply Depot  
  61  5:47  SCV, Marine x2  
  61  5:48  Marauder  
  67  5:55  Concussive Shells, Marine x2  
  67  5:56  Marine x4  
  73  5:57  SCV  
  73  5:58  SCV  
  73  5:59  SCV  
  73  6:02  Barracks Reactor  
  76  6:06  Command Center, Supply Depot, Marine  
  76  6:07  Marine  
  76  6:10  Marauder  
  80  6:13  Supply Depot  
  80  6:15  Engineering Bay, Marine x2  
  80  6:16  Marauder  
  77  6:38  SCV  
  74  6:43  SCV  
  74  6:44  SCV  
  74  6:46  Marine  
  74  6:47  Marine  
  76  6:48  Marauder x2  
  65  7:02  Marine x2  
  65  7:03  Marauder, Marine  
  65  7:04  Marauder  
  71  7:13  Supply Depot  
  71  7:14  Marine  
  71  7:15  Marine x3  
  73  7:17  Refinery  
  73  7:18  Orbital Command, Marine x3  
  78  7:23  SCV, Factory, Marine  
  78  7:24  Marine x5  
  78  7:27  Command Center  
  84  7:32  Barracks, Marine x2  
  84  7:33  SCV, Barracks  
  84  7:34  Barracks  
  87  7:39  Terran Infantry Armor Level 1, Marine x2  
  87  7:40  Barracks x2, Marine x3  
  87  7:41  Marine x3  
  95  7:46  Supply Depot, Refinery  
  95  7:50  Supply Depot, Marine x2  
  60  8:06  Marine x4  
  60  8:07  Marauder, Marine  
  60  8:08  Marauder  
  61  8:15  Marine x2  
  61  8:16  Marauder  
  59  8:23  Marine  
  60  8:31  Marauder x2  
  60  8:32  Marine x2, Marauder  
  66  8:38  Marauder  
  66  8:39  Marine x3  
  66  8:40  Marine x2  
  73  8:41  Barracks Tech Lab  
  73  8:42  Barracks Tech Lab  
  70  8:53  Marauder x2  
  70  8:55  Combat Shields  
  71  8:58  Factory Reactor  
  71  9:02  Marine x2, Orbital Command  
  75  9:03  Marauder x2  
  75  9:04  Starport  
  75  9:08  Marine  
  75  9:09  Marine x2  
  80  9:11  Marine  
  80  9:12  Barracks Tech Lab, Marine  
  68  9:48  Marine  
  68  9:49  Marine x2  
  68  9:50  Marauder  
  73  9:55  Supply Depot  
  73  9:58  Marine  
  78  10:04  Factory Tech Lab  
Show
View Real Time Build Order
Export as new Build Order

BlinKBrooD Zerg - Winner!

Build Orders: Hatch First 

Get SALT Encoding   

  12  0:00  Drone  
  13  0:12  Overlord  
  13  0:20  Drone  
  14  0:31  Drone  
  14  0:32  Drone  
  14  0:35  Drone  
  17  0:49  Drone  
  18  0:58  Hatchery  
  18  1:01  Drone  
  19  1:11  Drone, Extractor  
  18  1:20  Drone  
  18  1:21  Spawning Pool  
  18  1:31  Drone  
  19  1:43  Drone  
  20  1:50  Drone  
  21  2:01  Drone  
  22  2:09  Queen  
  22  2:10  Queen  
  22  2:11  Overlord  
  22  2:12  Drone  
  27  2:23  Drone  
  28  2:31  Drone  
  28  2:33  Zergling x2  
  28  2:34  Zergling x2  
  31  2:42  Drone  
  32  2:44  Drone  
  33  2:54  Drone x2  
  35  3:00  Hatchery  
  34  3:09  Drone x2  
  36  3:14  Metabolic Boost  
  36  3:24  Overlord  
  36  3:25  Overlord x2  
  36  3:39  Overlord  
  36  3:42  Overlord, Queen  
  36  3:43  Drone x2  
  36  3:44  Drone x2  
  42  3:49  Drone  
  42  3:53  Overlord x2  
  42  3:54  Drone x2  
  42  3:55  Drone x3  
  48  4:04  Drone x2  
  50  4:14  Roach Warren  
  50  4:15  Drone  
  50  4:18  Drone  
  50  4:21  Drone  
  50  4:23  Drone  
  53  4:30  Lair  
  53  4:35  Drone x6  
  53  4:36  Drone x2  
  61  4:40  Extractor  
  61  4:43  Extractor x2  
  61  4:45  Zergling x4  
  60  4:47  Drone  
  60  4:48  Queen  
  60  4:52  Extractor  
  62  4:56  Evolution Chamber  
  62  4:58  Evolution Chamber  
  60  5:02  Overlord x2  
  60  5:09  Drone x3  
  60  5:13  Spore Crawler  
  62  5:22  Zerg Missile Weapons Level 1  
  62  5:24  Drone  
  62  5:25  Drone x2  
  62  5:26  Zerg Ground Armor Level 1  
  65  5:31  Glial Reconstitution  
  65  5:33  Roach  
  65  5:34  Roach x2  
  71  5:36  Roach  
  71  5:41  Drone  
  71  5:42  Drone x5  
  79  5:43  Drone x2  
  79  5:46  Drone  
  82  5:52  Spore Crawler  
  82  5:54  Drone x2, Spore Crawler  
  82  6:07  Roach  
  82  6:08  Roach x9  
  102  6:12  Roach  
  102  6:15  Roach  
  106  6:20  Overlord  
  106  6:22  Overlord  
  106  6:24  Overlord  
  106  6:32  Roach x2  
  102  6:35  Roach  
  102  6:37  Ravager x3  
  102  6:39  Queen  
  107  6:45  Drone x3  
  107  6:46  Roach x2  
  114  6:49  Roach  
  114  6:50  Roach x2  
  120  6:56  Roach x3  
  120  6:57  Roach  
  120  7:00  Roach  
  128  7:08  Overlord x2, Roach  
  130  7:15  Overlord x5  
  130  7:26  Queen  
  130  7:27  Roach x3  
  130  7:29  Roach x2  
  142  7:31  Zerg Ground Armor Level 2, Zerg Missile Weapons Level 2  
  142  7:32  Roach  
  144  7:37  Roach x2  
  150  7:44  Roach x4  
  150  7:45  Roach x3  
  150  7:46  Roach  
  150  8:02  Roach x6  
  150  8:03  Hatchery  
  159  8:12  Roach x4  
  169  8:13  Roach x4  
  175  8:24  Ravager x3  
  178  8:29  Extractor  
  178  8:31  Roach x4  
  183  8:59  Spire  
  183  9:01  Overseer  
  182  9:04  Overseer  
  182  9:05  Overseer  
  182  9:08  Overlord x4  
  182  9:09  Overlord x3  
  182  9:15  Queen  
  182  9:28  Roach  
  182  9:29  Zergling x10  
  189  9:42  Drone x3  
  189  9:43  Drone x4  
  193  9:55  Infestation Pit  
Tags
 
Add a new tag
Caveats
  • Supply blocks, unpowered buildings, or Contaminate may cause inaccurate times.
  • Supply counts are checked every 10 seconds.